 Dungeon Crawl Stone Soup version 0.29-a0-559-g359e09b9d1 (webtiles) character file.

Game seed: 13716815414076969678

877 zazu2006 the Magician (level 8, 0/91 (94) HPs)
             Began as a Naga Hedge Wizard on June 10, 2022.
             Engulfed by a cloud of flame (4 damage)
             ... on level 5 of the Dungeon on June 11, 2022.
             The game lasted 00:12:58 (5759 turns).

zazu2006 the Magician (Naga Hedge Wizard)           Turns: 5759, Time: 00:12:59

HP:   0/91 (94)     AC: 24    Str: 12    XL:     8   Next: 4%
MP:   12/16         EV:  1    Int: 17    God:
Gold: 197           SH:  0    Dex: 11    Spells: 9/18 levels left

rFire   + . .      SeeInvis +   t - +5 hand axe (freeze)
rCold   . . .      Faith    .   (no shield)
rNeg    . . .      Spirit   .   (body armour currently unavailable)
rPois   +          Reflect  .   (helmet currently unavailable)
rElec   .          Harm     .   (cloak currently unavailable)
rCorr   +          Rampage  .   (gloves currently unavailable)
Will    +....      NoTele   +   (no barding)
Stlth   ++........              (no amulet)
HPRegen 0.25/turn               h - ring of protection from fire
MPRegen 0.15/turn               r - ring of resist corrosion

@: tree-form, silenced, attractive, studying Throwing, lightly drained
A: stationary, stasis, torment immunity, boosted hp, AC +2, large, see
invisible, (deformed body), (poison resistance), (slowness 2), spit poison 1,
(naga tail 1)
a: Spit Poison


You were on level 5 of the Dungeon.
You were a tree.
You visited 2 branches of the dungeon, and saw 6 of its levels.

You collected 233 gold pieces.
You spent 36 gold pieces at shops.

Inventory:

Hand Weapons
 a - a +0 dagger
 t - a +5 hand axe of freezing (weapon)
 B - a +0 long sword
Missiles
 o - 9 poisoned darts
Armour
 k - a +0 helmet (melded)
 q - a +2 robe of resistance (melded)
Jewellery
 h - a ring of protection from fire (left branch)
 n - an amulet of faith
 r - a ring of resist corrosion (right branch)
 s - a ring of flight
 v - a ring of ice
 y - a ring of fire
Wands
 p - a wand of digging (6)
Scrolls
 c - a scroll of fear {unknown}
 f - 2 scrolls of identify
 u - a scroll of teleportation {unknown}
 w - a scroll of poison {unknown}
 x - a scroll of fog {unknown}
 z - a scroll of blinking {unknown}
 A - 2 scrolls of enchant weapon {unknown}
Potions
 d - a potion of magic
 e - a potion of lignification
 g - 3 potions of degeneration


   Skills:
 + Level 0.5 Fighting
 + Level 0.8 Short Blades
 + Level 1.2 Throwing
 + Level 2.5 Dodging
 + Level 5.0 Stealth
 + Level 5.8 Spellcasting
 + Level 4.7 Conjurations
 + Level 1.0 Summonings
 + Level 1.0 Translocations
 + Level 1.0 Air Magic
 * Level 2.8 Poison Magic


You had 9 spell levels left.
You knew the following spells:

 Your Spells              Type           Power      Damage    Failure   Level
a - Magic Dart            Conj           84%        1d7       1%          1
b - Mephitic Cloud        Conj/Pois/Air  14%        N/A       12%         3
c - Conjure Flame         Conj/Fire      13%        6-21      14%         3
d - Blink                 Tloc           16%        N/A       13%         2

Your spell library contained the following spells:

 Spells                   Type           Power      Damage    Failure   Level
 Searing Ray              Conj           42%        2d6       2%          2
 Slow                     Hex            16%        N/A       13%         1
 Call Imp                 Summ           8%         N/A       13%         2
 Ensorcelled Hibernation  Hex/Ice        8%         N/A       21%         2
 Spider Form              Tmut/Pois      9%         N/A       22%         3
 Gell's Gravitas          Tloc           8%         N/A       26%         3
 Lesser Beckoning         Tloc           8%         N/A       26%         3
 Teleport Other           Tloc           8%         N/A       26%         3
 Ozocubu's Armour         Ice            4%         N/A       36%         3
 Fulminant Prism          Conj/Hex       6%         3d7       43%         4
 Anguish                  Hex/Necr       2%         N/A       78%         4
 Enfeeble                 Hex            2%         N/A       100%        7
 Ozocubu's Refrigeration  Ice            2%         4d5       100%        7


Dungeon Overview and Level Annotations

Branches:
Dungeon (5/15)             Temple (1/1) D:4

Altars:
Ashenzari
Cheibriados
Dithmenos
Fedhas
Gozag
Kikubaaqudgha
Nemelex Xobeh
Okawaru
Qazlal
Ru
Trog
Wu Jian
Xom
Zin
The Shining One

Shops:
D:1 (   D:3 ?


Innate Abilities, Weirdness & Mutations

You are a tree.
Your roots penetrate the ground, keeping you stationary.
You cannot be teleported.
You are immune to unholy pain and torment.
Your maximum health is greatly increased.
Your equipment is partially melded.
((Your serpentine skin is tough. (AC +2)))
You have supernaturally acute eyesight. (SInv)
((Armour fits poorly on your strangely shaped body.))
((Your system is resistant to poisons. (rPois)))
((You cover ground very slowly.))
You can spit poison.
((You have a snake-like lower body.))


Message History

Okay, then.
As you read the scroll labelled EGGEUR XUESAIX, it crumbles to dust.
The creatures around you are filled with an inner flame!
It was a scroll of immolation.
The wight closely misses you.
As you read the scroll labelled GOFEBUESTIRON, it crumbles to dust.
A profound silence engulfs you.
It was a scroll of silence.
You flicker back into view.
The wight misses you.
Really quaff the potion of lignification?
You turn into a tree.
Your +0 helmet melds into your body.
Your +2 robe of resistance melds into your body.
You feel hot and cold all over.
Your roots penetrate the ground.
The wight hits you but does no damage.
Really quaff the potion of attraction?
Uppercase [Y]es or [N]o only, please.
Really quaff the potion of attraction?
You feel attractive to monsters. The wight hits you but does no damage.
The wight is attracted toward you.
You hit the wight.
Flame seeps out of the wight.
The wight is moderately damaged.
The wight is engulfed in blazing flames.
The wight explodes!
The fiery explosion engulfs you! You resist.
* * * LOW HITPOINT WARNING * * *
Your magical contamination has completely faded away.
Your Stealth skill increases to level 5!
Your Air Magic skill increases to level 1!
You have reached level 8!
You feel clever.
Okay, then.
You cannot cast spells when silenced!
You are engulfed in blazing flames.
You resist.
* * * LOW HITPOINT WARNING * * *
Unknown command.
You are engulfed in blazing flames.
You resist.
* * * LOW HITPOINT WARNING * * *
Unknown command.
Unknown command.
You are engulfed in blazing flames.
You resist.
You die...

... #)#..######.#.#.#....#
.... ###z#.#............†...#
.....
#...#.#.......#..##†####
#....##.##..#.......##.##.#
..........#######.#######.#
..........# #.# #..
......#.### #÷# #.#.
......#.#########.#######.#.#
......#.#.....)♣#.#.......# #
..... #......§§§#.#.......#
..... ##........#.#.......#
##.#######.####### #.# #.#
### #.# ########.###
...........# .......<..##


There were no monsters in sight!

Vanquished Creatures
  Prince Ribbit (D:5)
  Menkaure (D:4)
  An ice beast (D:4)
  2 wights (D:5)
  A howler monkey (D:5)
  A hound (D:5)
  3 iguanas (D:5)
  Jessica (D:3)
  3 gnolls (D:4)
  5 adders
  2 worms
  3 dart slugs
  2 orcs
  6 endoplasms
  4 giant cockroaches
  3 goblins
  7 hobgoblins
  10 quokkas
  8 ball pythons
  3 bats
  2 frilled lizards (D:1)
  13 kobolds
  3 rats
85 creatures vanquished.

Vanquished Creatures (others)
  A wight (D:5)
1 creature vanquished.

Grand Total: 86 creatures vanquished

Notes
Turn   | Place    | Note
-------+----------+-------------------------------------------
     0 | D:1      | zazu2006 the Naga Hedge Wizard began the quest for the Orb.
     0 | D:1      | Reached XP level 1. HP: 15/15 MP: 4/4
   260 | D:1      | Reached XP level 2. HP: 20/22 MP: 3/6
  1147 | D:1      | Found a faded altar of an unknown god.
  1157 | D:1      | Reached XP level 3. HP: 18/28 MP: 1/8
  1161 | D:1      | Learned a level 3 spell: Mephitic Cloud
  1165 | D:1      | Learned a level 3 spell: Conjure Flame
  1168 | D:1      | Learned a level 2 spell: Blink
  1501 | D:1      | Found Syorihy's Weapon Shop.
  2123 | D:3      | Noticed Jessica
  2125 | D:3      | Killed Jessica
  2126 | D:3      | Reached XP level 4. HP: 36/36 MP: 10/10
  2914 | D:3      | Found an ornate altar of the Wu Jian Council.
  3022 | D:3      | Found Zofoh's Magic Scroll Emporium.
  3035 | D:3      | Bought a scroll of identify for 24 gold pieces
  3035 | D:3      | Bought a scroll of noise for 12 gold pieces
  3217 | D:3      | Found a broken altar of Ashenzari.
  3816 | D:4      | Reached XP level 5. HP: 42/42 MP: 8/11
  3844 | D:4      | Noticed Menkaure
  4009 | D:4      | Killed Menkaure
  4010 | D:4      | Reached skill level 5 in Spellcasting
  4010 | D:4      | Reached XP level 6. HP: 11/49 MP: 3/13
  4732 | D:4      | Found a staircase to the Ecumenical Temple.
  4935 | Temple   | Entered the Ecumenical Temple
  5071 | D:5      | Entered Level 5 of the Dungeon
  5071 | D:5      | Noticed an ice beast
  5087 | D:4      | Killed an ice beast
  5185 | D:5      | Noticed Prince Ribbit
  5209 | D:5      | Killed Prince Ribbit
  5210 | D:5      | Reached skill level 1 in Poison Magic
  5210 | D:5      | Reached XP level 7. HP: 20/55 MP: 4/15
  5490 | D:5      | Reached skill level 1 in Throwing
  5757 | D:5      | Reached skill level 5 in Stealth
  5757 | D:5      | Reached skill level 1 in Air Magic
  5757 | D:5      | Reached XP level 8. HP: 11/61 MP: 12/16
  5758 | D:5      | HP: 4/91 [cloud of flame (4)]
  5759 | D:5      | Engulfed by a cloud of flame

Illustrated notes

Levels and vault maps discovered:
D:1:      minmay_arrival_four_houses, layout_loops_ring,
          dreamdust_ecumenical_altar_hidden_monk_grotto, serial_shops,
          nicolae_shop_behind_doors, minmay_misc_feat_ornament,
          minmay_misc_feat_hallway
D:2:      layout_rooms
D:3:      layout_rooms, lemuel_coloured_pillars_altar, old_standard_altar,
          serial_shops, nicolae_shop_stone, uniq_jessica
D:4:      layout_basic, lemuel_temple_firewalk_b, minivault_26, uniq_menkaure
D:5:      layout_rooms, grunt_temple_overflow_open, serial_shops,
          nicolae_shop_waterfront, serial_co_window_serial, co_window_paths_b,
          co_window_corner_a, co_window_corner_a, co_window_corner_a,
          co_window_paths_a, co_window_paths_b, co_window_broadway_b,
          co_window_2corner, co_window_unsneaky_path_b, co_window_corner_b,
          glass_columns_c, glass_columns_c, glass_columns_a, glass_columns_b,
          glass_columns_b, uniq_prince_ribbit1
Temple:   dshaligram_water_room_temple

Skill      XL: |  1  2  3  4  5  6  7 |
---------------+----------------------+-----
Spellcasting   | 4 5 |  5.8
Conjurations   | 2 3 4 |  4.7
Dodging        | 2 |  2.5
Stealth        | 4 5 |  5.0
Poison Magic   | 1 2 |  2.8
Throwing       | 1 |  1.2
Air Magic      | 1 |  1.0
Fighting       | |  0.5
Short Blades   | |  0.8
Summonings     | |  1.0
Translocations | |  1.0

Action                   |  1- 3 |  4- 6 |  7- 9 || total
-------------------------+-------+-------+-------++-------
Melee: Dagger            |     1 |    15 |    18 ||    34
       Hand axe          |       |       |     5 ||     5
Throw: Dart              |       |     7 |     2 ||     9
 Cast: Magic Dart        |    73 |   134 |    19 ||   226
       Mephitic Cloud    |       |     3 |     4 ||     7
       Conjure Flame     |       |       |     1 ||     1
 Abil: Spit Poison       |    14 |    16 |     3 ||    33
  Use: Scroll            |       |     6 |     2 ||     8
       Potion            |       |     1 |     4 ||     5
 Stab: Sleeping          |     1 |       |       ||     1
       Confused          |       |     1 |     1 ||     2
Armor: Robe              |     2 |    18 |    11 ||    31
       Skin              |       |       |     2 ||     2
Dodge: Dodged            |    10 |    35 |    13 ||    58

Table legend: (Time is in decaauts)
 A = Elapsed time spent in this place.
 B = Non-inter-level travel time spent in this place.
 C = Inter-level travel time spent in this place.
 D = Time resting spent in this place.
 E = Time spent auto-exploring this place.
 F = Levels seen in this place.
 G = Mean time per level.
                   A        B        C        D        E       F      G
               +--------+--------+--------+--------+--------+-----+--------+
         Total |   6835 |   6643 |    192 |    187 |   5647 |   6 | 1139.2 |
       Dungeon |   6709 |   6546 |    163 |    187 |   5563 |   5 | 1341.8 |
        Temple |    126 |     97 |     29 |      0 |     84 |   1 |  126.0 |
               +--------+--------+--------+--------+--------+-----+--------+

Top non-repeatable levels by time:
     D:4: 2112 daAuts
     D:1: 1844 daAuts
     D:3: 1200 daAuts
     D:2: 861 daAuts
     D:5: 690 daAuts
  Temple: 126 daAuts
